 Dungeon Crawl Stone Soup version 0.28-a0-657-g71136c5590 (webtiles) character file.

Game seed: 8400283400470806081

61 Johnny the Chiller (level 3, 0/29 HPs)
             Began as a Draconian Ice Elementalist on Oct 13, 2021.
             Slain by a goblin (2 damage)
             ... led by Robin
             ... on level 2 of the Dungeon.
             The game lasted 00:01:44 (1597 turns).

Johnny the Chiller (Draconian Ice Elementalist)     Turns: 1597, Time: 00:01:45

Health: 0/29       AC:  5    Str: 10    XL:     3   Next: 83%
Magic:  0/7        EV: 12    Int: 16    God:
Gold:   32         SH:  0    Dex: 11    Spells: 6/7 levels left

rFire   + . .      SeeInvis .   c - +0 dagger
rCold   + . .      Faith    .   (no shield)
rNeg    . . .      Spirit   .   (armour unavailable)
rPois   +          Reflect  .   (helmet restricted)
rElec   +          Harm     .   (no cloak)
rCorr   +          Rampage  .   (no gloves)
Will    .....                   (no boots)
Stlth   ++........              (no amulet)
HPRegen 0.09/turn               (no ring)
MPRegen 0.10/turn               (no ring)

@: resistant, flying
A: AC +5, unfitting armour, cold-blooded
a: no special abilities


You were on level 2 of the Dungeon.
You visited 1 branch of the dungeon, and saw 2 of its levels.

You collected 32 gold pieces.

Inventory:

Hand Weapons
 c - a +0 dagger (weapon)
Scrolls
 a - a scroll of fog {unknown}
 d - a scroll of magic mapping {unknown}
 f - a scroll of teleportation {unknown}


   Skills:
 + Level 2.0 Fighting
 - Level 1.7 Dodging
 - Level 1.7 Stealth
 + Level 2.7 Spellcasting
 + Level 4.5 Ice Magic


You had 6 spell levels left.
You knew the following spells:

 Your Spells              Type           Power      Damage    Failure   Level
a - Freeze                Ice            64%        1d8       3%          1

Your spell library contained the following spells:

 Spells                   Type           Power      Damage    Failure   Level
 Frozen Ramparts          Ice            32%        1d5       9%          3
 Ozocubu's Armour         Ice            16%        N/A       9%          3
 Hailstorm                Conj/Ice       9%         3d4       58%         4


Dungeon Overview and Level Annotations

Branches:
Dungeon (2/15)

Altars:


Innate Abilities, Weirdness & Mutations

Your plain brown scales are hard. (AC +5)
You cannot fit into any form of body armour.
You are cold-blooded and may be slowed by cold attacks.


Message History

Aim: a goblin, wielding a +0 club (strong)
You miscast Freeze.
You are very lightly contaminated with residual magic.
Nothing appears to happen.
The goblin hits you with a +0 club.
You closely miss the goblin. The goblin hits you with a +0 club.
* * * LOW HITPOINT WARNING * * *
The goblin no longer looks unusually strong. x2
It was a potion of flight.
You feel very buoyant.
You fly up into the air.
The goblin no longer looks unusually strong.
The goblin misses you.
You feel more buoyant. The goblin closely misses you.
It was a potion of resistance.
You feel protected. The goblin barely misses you.
You hit the goblin.
You kill the goblin!
Your magical contamination has completely faded away.
You closely miss the goblin. The goblin hits you with a +0 club.
* * * LOW HITPOINT WARNING * * *
You closely miss the goblin. The goblin misses you.
You barely miss the goblin.
You tail-slap the goblin, but do no damage.
The goblin barely misses you.
You hit the goblin.
The goblin is moderately wounded.
The goblin hits you but does no damage.
Casting: Freeze (safe; 3% risk of failure)
Confirm with . or Enter, or press ? or * to list all spells.
Aiming: Freeze (safe; 3% risk of failure)
Press: ? - help, Shift-Dir - straight line, f - goblin
Aim: a goblin, wielding a +0 club (moderately wounded)
You freeze the goblin!
You kill the goblin!
The goblin closely misses you. The goblin closely misses you.
You closely miss the goblin. The goblin hits you with a +0 club.
You die...

# ###.>... #. ...... ### ###
### ###
#..##...###.###.###.###.###
........#.#.#.#.#.#.#.#..#
#######....#.#.#.#.#.#.#.#..#
##.#(.##...#.###.###.###.###)#
.##)##.#)..### ### ### #####.#
...#.##).#..# #.# #..#
...#.###(##.# #@# ##.##
.#8....#)##.# #g# #..#
...8#.##.##.# #)# ##.##
....####.##.####<# #..# ...##
#.....g)..# #.##
.#######.##.###### #.#
..g......##.# #.#
####..#####g# #.# #gg.gg...#
#.#


You could see a goblin.

Vanquished Creatures
  Robin (D:2)
  A worm (D:2)
  A dart slug (D:1)
  3 orcs (D:2)
  3 endoplasms (D:1)
  2 giant cockroaches (D:1)
  4 hobgoblins
  2 jackals (D:1)
  A quokka (D:1)
  3 ball pythons (D:1)
  A frilled lizard (D:1)
  9 goblins
  3 kobolds
  6 rats (D:1)
40 creatures vanquished.

Notes
Turn   | Place    | Note
-------+----------+-------------------------------------------
     0 | D:1      | Johnny the Draconian Ice Elementalist began the quest for
                  | the Orb.
     0 | D:1      | Reached XP level 1. HP: 14/14 MP: 3/3
   416 | D:1      | Reached skill level 1 in Fighting
   416 | D:1      | Reached XP level 2. HP: 23/23 MP: 0/5
   935 | D:1      | Found a faded altar of an unknown god.
  1326 | D:2      | Reached XP level 3. HP: 24/28 MP: 6/6
  1475 | D:2      | Noticed Robin
  1574 | D:2      | Killed Robin
  1589 | D:2      | HP: 1/29 [goblin[Robin] (3)]
  1597 | D:2      | Slain by a goblin

Illustrated notes

Levels and vault maps discovered:
D:1:      amcnicky_arrival_single_pillar, layout_rooms,
          shapermc_ecumenical_altar_acropolis
D:2:      layout_loops_ring, basic_altar, minivault_14, grunt_decor_resistance,
          guppyfry_early_orc_mine, uniq_robin

Skill      XL: |  1  2  3 |
---------------+----------+-----
Fighting       | 1 2 |  2.0
Dodging        | |  1.7
Stealth        | |  1.7
Spellcasting   | |  2.7
Ice Magic      | |  4.5

Action                   || total
-------------------------++-------
Melee: Unarmed           ||    31
       Tailslap          ||    12
       Dagger            ||    59
 Cast: Freeze            ||    48
  Use: Potion            ||     3
 Stab: Sleeping          ||     3
Armor: Skin              ||    34
Dodge: Dodged            ||    80

Table legend: (Time is in decaauts)
 A = Elapsed time spent in this place.
 B = Non-inter-level travel time spent in this place.
 C = Inter-level travel time spent in this place.
 D = Time resting spent in this place.
 E = Time spent auto-exploring this place.
 F = Levels seen in this place.
 G = Mean time per level.
                   A        B        C        D        E       F      G
               +--------+--------+--------+--------+--------+-----+--------+
         Total |   1597 |   1566 |     31 |    385 |    877 |   2 |  798.5 |
       Dungeon |   1597 |   1566 |     31 |    385 |    877 |   2 |  798.5 |
               +--------+--------+--------+--------+--------+-----+--------+

Top non-repeatable levels by time:
     D:1: 1027 daAuts
     D:2: 570 daAuts
